cohdb
Replays
Latest Replays
All Replays
Popular Replays
Top Player Replays
Match Explorer
How It Works
Community
CoH3 Stats
Reddit
Sign in to upload your games and track your stats! →
Sign in with Steam
Match 41740486
Unlisted
Match 41740486
Overview
Messages
Build Orders
End
Construct Infanterie Kompanie
Pioneer Squad
Selects Breakthrough Battlegroup
MG 42 Machine Gun Team
Selects Assault Grenadiers
Grenadier Squad
Grenadier Squad
MG 42 Machine Gun Team
Selects Breakthrough
Breakthrough
Construct Luftwaffe Kompanie
Flak 30 Anti-aircraft Gun Team
Selects 2.5-tonne Cargo Truck
2.5-tonne Cargo Truck
Support Elements
Selects Mechanized Assault Group
Mechanized Assault Group
Marder III M Tank Destroyer
Marder III M Tank Destroyer
Breakthrough
Pioneer Squad
Snort_lines_fuck_dimes
AxleInCommand
neko chan
Insomniac
0
0
Comments
sign in to comment!
No comments posted yet!